 Dungeon Crawl Stone Soup version 0.18.1-50-g88ac8fd (webtiles) character file.

236 rlgrobin the Insei (level 5, -5/41 HPs)
             Began as a Mummy Monk on Sept 16, 2016.
             Killed from afar by an orc wizard (15 damage)
             ... with a puff of flame
             ... on level 5 of the Dungeon.
             The game lasted 00:05:53 (3893 turns).

rlgrobin the Insei (Mummy Monk)                     Turns: 3893, Time: 00:05:54

Health: -5/41      AC:  2    Str: 14    XL:     5   Next: 77%
Magic:  5/5        EV: 14    Int: 10    God:
Gold:   131        SH:  0    Dex: 20    Spells: 0 memorised, 4 levels left

rFire  x . .     SeeInvis .       - Unarmed
rCold  + . .     Gourm    .     (no armour)
rNeg   + + +     Faith    .     (no shield)
rPois  ∞         Spirit   .     (no helmet)
rElec  .         Dismiss  .     d - +0 cloak
rCorr  .         Reflect  .     b - +0 pair of gloves
SustAt .         Harm     .     (no boots)
MR     .....                    (no amulet)
Stlth  ++........               e - +5 ring of dexterity
                                (no ring)

@: not resistant to hostile enchantments, unstealthy
A: no food or potions, fire vulnerability, cold resistance 1, negative energy
resistance 3, torment resistance, unbreathing
a: no special abilities


You were on level 5 of the Dungeon.
You were not hungry.

You visited 1 branch of the dungeon, and saw 5 of its levels.

You collected 131 gold pieces.


Innate Abilities, Weirdness & Mutations

You do not eat or drink.
Your flesh is vulnerable to fire.
You are immune to poison.
Your flesh is cold resistant.
You are immune to negative energy.
You are immune to unholy pain and torment.
You can survive without breathing.


   Skills:
 - Level 3.0 Fighting
 + Level 3.6 Dodging
 - Level 1.5 Stealth
 - Level 5.2 Unarmed Combat


You had 4 spell levels left.
You didn't know any spells.

Inventory:

Missiles
 g - 2 large rocks (quivered) {=f}
Armour
 b - a +0 pair of gloves (worn)
 d - a +0 cloak (worn)
Jewellery
 e - a +5 ring of dexterity (right hand)
 l - a +3 amulet of reflection {unknown}
Scrolls
 a - 2 scrolls of identify {@r1}
 c - a scroll of fog
 f - a scroll of enchant weapon
 h - a scroll of remove curse
 i - 2 scrolls of immolation {!r}
 k - a scroll of enchant armour {unknown}

Dungeon Overview and Level Annotations

Branches:
Dungeon (5/15)
 Temple: D:4-7

Altars:
Qazlal

Annotations:
D:4 exclusion: orc wizard

▒.▒
▒.▒
▒.▒
▒.▒
▒.▒
▒.▒
▒{▒
▒M▒
▒▒▒


There were no monsters in sight!


Message History

* * * don't die
* * * The orc wizard looks braver for a moment!
The orc wizard mumbles some strange words!
The orc wizard seems to speed up!
Read which item? (? for menu, Esc to quit)
As you read the scroll labeled NOME TASTEMURPH, it crumbles to dust!
You assume a fearsome visage!
The orc wizard looks frightened!!!
It was a scroll of fear!
The orc wizard gestures wildly while chanting!
The orc wizard flickers and vanishes!!!
Deactivating autopickup; reactivate with Ctrl-A!
You hear some strange, mumbled words!
A puff of flame appears from out of thin air!!!
The puff of flame misses you!
There is a stone staircase leading down here!
Something hits you! * * * don't die
* * * Something hits you! * * * don't die
* * * You climb downwards!
There is a stone staircase leading up here!
You miss something! You punch something! Something hits you! * * * don't die
* * * You closely miss something!
Something barely misses you! Something hits you but does no damage!
You beat something into a bloody pulp!
You hear some strange, mumbled words!
A puff of flame appears from out of thin air!!!
The puff of flame hits you!!! The fire burns you terribly!!! rip

Action                   |  1- 3 |  4- 6 || total
-------------------------+-------+-------++-------
Melee: Unarmed           |   176 |   139 ||   315
       Punch             |     4 |     5 ||     9
  Use: Scroll            |       |     5 ||     5
 Stab: Sleeping          |     4 |     3 ||     7
Armor: Skin              |    22 |    14 ||    36
Dodge: Dodged            |   101 |    79 ||   180

Vault maps used:
D:1:      dpeg_arrival_simpleton_c
D:2:      grunt_ministairs_5, kennysheep_generic_room_7
D:3:      lemuel_round_altar
D:4:      tgw_trog, grunt_qazlal_sundering, gammafunk_temple_overflow_wave,
          first_bread, nemelex_xobeh_ov_fountains_minmay
D:5:      kennysheep_big_flooded_room, old_standard_altar,
          minmay_temple_entry_from_below_a, uniq_blork_the_orc

Notes
Turn   | Place    | Note
--------------------------------------------------------------
     0 | D:1      | rlgrobin the Mummy Monk began the quest for the Orb.
     0 | D:1      | Reached XP level 1. HP: 18/18 MP: 1/1
   430 | D:1      | Reached XP level 2. HP: 24/24 MP: 2/2
   944 | D:1      | You fall through a shaft!
   962 | D:1      | Reached skill level 4 in Unarmed Combat
  1495 | D:2      | Reached XP level 3. HP: 28/29 MP: 3/3
  2171 | D:2      | Reached XP level 4. HP: 23/35 MP: 4/4
  2811 | D:3      | Reached skill level 5 in Unarmed Combat
  2992 | D:3      | Reached XP level 5. HP: 34/41 MP: 5/5
  3122 | D:4      | Found a stormy altar of Qazlal.
  3157 | D:4      | Reached skill level 3 in Dodging
  3890 | D:5      | Entered Level 5 of the Dungeon
  3893 | D:5      | Killed from afar by an orc wizard

Vanquished Creatures
  A hound (D:4)
  An orc priest (D:3)
  A worker ant (D:4)
  6 adders
  3 oozes
  3 dart slugs
  2 giant geckos (D:1)
  7 orcs
  A ball python (D:3)
  5 giant cockroaches
  7 goblins
  6 hobgoblins
  9 jackals (D:2)
  2 quokkas
  2 bats (D:1)
  4 giant newts
  6 kobolds
  7 rats
73 creatures vanquished.
